 Dungeon Crawl Stone Soup version 0.27-a0-1513-g2aaa0cc67b (webtiles) character file.

Game seed: 15381000332546974046

4 gimp the Skirmisher (level 1, 0/18 HPs)
             Began as a Formicid Monk on July 10, 2021.
             Shot with a stone by a goblin (2 damage)
             ... on level 2 of the Dungeon.
             The game lasted 00:00:59 (95 turns).

gimp the Skirmisher (Formicid Monk)                   Turns: 95, Time: 00:01:00

Health: 0/18       AC:  2    Str: 15    XL:     1   Next: 77%
Magic:  1/1        EV: 12    Int:  9    God:
Gold:   0          SH:  0    Dex: 13    Spells: 0/0 levels left

rFire    . . .     SeeInvis +   a - +0 hand axe
rCold    . . .     Faith    .   (no shield)
rNeg     . . .     Spirit   .   b - +0 robe
rPois    .         Reflect  .   (helmet unavailable)
rElec    .         Harm     .   (no cloak)
rCorr    .         Rampage  .   (no gloves)
Will     .....                  (no boots)
Stlth    ++........             (no amulet)
HPRegen  0.06/turn              (no ring)
MPRegen  0.07/turn              (no ring)

@: no status effects
A: permanent stasis, dig shafts and tunnels, antennae 3, four strong arms
a: Dig, Shaft Self


You were on level 2 of the Dungeon.
You visited 1 branch of the dungeon, and saw 2 of its levels.

Inventory:

Hand Weapons
 a - a +0 hand axe (weapon)
Armour
 b - a +0 robe (worn)


   Skills:
 + Level 3.4 Fighting
 * Level 3.2 Axes
 - Level 2.6 Dodging
 - Level 2.4 Stealth


You couldn't memorise any spells.
You didn't know any spells.
Your spell library was empty.

Dungeon Overview and Level Annotations

Branches:
Dungeon (2/15)

Altars:


Innate Abilities, Weirdness & Mutations

You cannot be hasted, slowed, berserked, paralysed or teleported.
You can dig through walls and to a lower floor.
You have a pair of large antennae on your head. (SInv)
Your four strong arms can wield two-handed weapons with a shield.


Message History

The jackal bites you.
* * * LOW HITPOINT WARNING * * *
You take 2 damage, and have 4/18 hp.
You hit the jackal but do no damage.
The jackal is almost dead.
The jackal barely misses you.
The frilled lizard unfolds its giant frill.
The jackal bites you.
* * * LOW HITPOINT WARNING * * *
You take 2 damage, and have 2/18 hp.
You aren't carrying any potions.
Unknown command.
You aren't carrying any scrolls.
Unknown command.
The jackal bites you.
* * * LOW HITPOINT WARNING * * *
You take 1 damage, and have 1/18 hp.
There is a stone staircase leading down here.
The jackal bites you but does no damage.
You climb downwards.
A rat comes into view.
Found 10 gold pieces and a spear.
There is a stone staircase leading up here.
You hit the jackal.
You kill the jackal!
A goblin comes into view. It is wielding a +0 dagger.
Found 19 gold pieces.
A goblin is nearby!
A goblin is nearby!
The goblin unwields a +0 dagger.
The goblin wields a +0 hunting sling.
The goblin shoots a stone.
The stone barely misses you.
A rat is nearby!
You hit the rat.
You kill the rat!
Unknown command.
You start resting.
A goblin is nearby!
A goblin is nearby!
The goblin shoots a stone.
The stone hits you.
You die...

.......# .......
........ .......
........##.......
........<†......$
......##........
......##.####+##
#$#.##.g.##
#...##..##
#.......@#
##.......+
#..#....# #.
##...# .. ##..# .
#..# .... ....


You could see a goblin.

Vanquished Creatures
  An endoplasm (D:1)
  A jackal (D:2)
  A ball python (D:1)
  A frilled lizard (D:1)
  A rat (D:2)
5 creatures vanquished.

Notes
Turn   | Place    | Note
-------+----------+-------------------------------------------
     0 | D:1      | gimp the Formicid Monk began the quest for the Orb.
     0 | D:1      | Reached XP level 1. HP: 18/18 MP: 1/1
    95 | D:2      | Shot with a stone by a goblin

Illustrated notes

Levels and vault maps discovered:
D:1:      matt_arrival_los_fun, layout_basic,
          dreamdust_ecumenical_altar_statues, hangedman_decor_push
D:2:      kennysheep_the_goblin_king, layout_rooms, kennysheep_another_room,
          uniq_sigmund

Action                   || total
-------------------------++-------
Melee: Hand axe          ||    16
 Stab: Sleeping          ||     3
Armor: Robe              ||     5
Dodge: Dodged            ||    15

Table legend: (Time is in decaauts)
 A = Elapsed time spent in this place.
 B = Non-inter-level travel time spent in this place.
 C = Inter-level travel time spent in this place.
 D = Time resting spent in this place.
 E = Time spent auto-exploring this place.
 F = Levels seen in this place.
 G = Mean time per level.
                   A        B        C        D        E       F      G
               +--------+--------+--------+--------+--------+-----+--------+
         Total |     97 |     97 |      0 |      5 |     29 |   2 |   48.5 |
       Dungeon |     97 |     97 |      0 |      5 |     29 |   2 |   48.5 |
               +--------+--------+--------+--------+--------+-----+--------+

Top non-repeatable levels by time:
     D:1: 83 daAuts
     D:2: 14 daAuts
